 Dungeon Crawl Stone Soup version 0.23.2-1-ga50397a (webtiles) character file.

Game seed: 5190775331659664835

195 grenoire the Chopper (level 5, -18/47 HPs)
             Began as a Minotaur Berserker on May 2, 2019.
             Was a Believer of Trog.
             Demolished by an ogre
             ... wielding a +0 giant club
              (20 damage)
             ... on level 4 of the Dungeon.
             The game lasted 00:07:09 (2254 turns).

grenoire the Chopper (Minotaur Berserker)           Turns: 2254, Time: 00:07:09

Health: -18/47     AC: 12    Str: 22    XL:     5   Next: 45%
Magic:  4/4        EV:  7    Int:  4    God:    Trog [**....]
Gold:   135        SH:  0    Dex: 10    Spells: 4/4 levels left

rFire    . . .     SeeInvis .   a - +0 hand axe
rCold    . . .     Gourm    .   (no shield)
rNeg     . . .     Faith    .   l - +0 plate armour
rPois    .         Spirit   .   (helmet restricted)
rElec    .         Reflect  .   o - +0 cloak
rCorr    .         Harm     .   (no gloves)
MR       .....                  (no boots)
Stlth    ..........             (no amulet)
HPRegen  0.15/turn              (no ring)
MPRegen  0.09/turn              (no ring)

@: lethally poisoned (-18 -> -19)
A: retaliatory headbutt, horns 2
a: Berserk, Trog's Hand, Renounce Religion


You were on level 4 of the Dungeon.
You worshipped Trog.
Trog was pleased with you.
You were hungry.

You visited 1 branch of the dungeon, and saw 4 of its levels.

You collected 135 gold pieces.

Inventory:

Hand Weapons
 a - a +0 hand axe (weapon)
Armour
 l - a +0 plate armour (worn)
 o - a +0 cloak (worn)
Jewellery
 f - an uncursed amulet of guardian spirit {unknown}
Scrolls
 e - a scroll of teleportation
 g - 2 scrolls of magic mapping
 h - a scroll of noise
 j - 5 scrolls of identify
 k - a scroll of amnesia
Potions
 b - a potion of brilliance {unknown}
 d - 2 potions of heal wounds {unknown}
 i - a potion of degeneration {unknown}
 m - a potion of mutation {unknown}
 n - a potion of curing {unknown}
 p - a potion of invisibility {unknown}
 q - 2 potions of flight {unknown}
 r - a potion of lignification {unknown}
Comestibles
 c - 5 rations


   Skills:
 + Level 4.7 Fighting
 + Level 5.6 Axes
 + Level 3.6 Armour
 + Level 3.0 Dodging
 + Level 0.1 Stealth


You had 4 spell levels left.
You didn't know any spells.
Your spell library was empty.

Dungeon Overview and Level Annotations

Branches:
Dungeon (4/15)
 Temple: D:4-7

Altars:
Elyvilon
Fedhas


Innate Abilities, Weirdness & Mutations

You reflexively headbutt those who attack you in melee.
You have a pair of horns on your head.


Message History

You headbutt the worker ant!
You kill the worker ant!
Trog accepts your kill.
You hit the ogre. You headbutt the ogre!
The ogre is heavily wounded.
You feel sick. The ogre hits you with a +0 giant club!
You slash the ogre!
The ogre is almost dead.
The ogre hits you with a +0 giant club!
* * * LOW HITPOINT WARNING * * *
You barely miss the ogre. Your headbutt misses the ogre.
The ogre is almost dead.
The ogre hits you with a +0 giant club!
* * * LOW HITPOINT WARNING * * *
You completely miss the ogre.
The ogre is almost dead.
* * * LOW HITPOINT WARNING * * *
You feel sick.
The ogre hits you with a +0 giant club!!
You die...

####..##.####.###
......##..#.....#
.........#.#.#.#
...........#.....
#######.......#.#####
...................
...%.....$..#.#.###
.......O...##.#.#
....)..@...##.#.#
...........##.#
..........?# .#
........####
........# ........#
........# #########


You could see an ogre.

Vanquished Creatures
  2 worker ants
  4 adders
  3 gnolls (D:3)
  3 dart slugs
  A leopard gecko (D:3)
  5 orcs (D:4)
  5 giant cockroaches
  8 hobgoblins
  5 jackals
  2 quokkas
  2 ball pythons
  3 bats
  4 frilled lizards
  3 goblins
  11 kobolds
  9 rats
70 creatures vanquished.

Notes
Turn   | Place    | Note
-------+----------+-------------------------------------------
     0 | D:1      | grenoire the Minotaur Berserker began the quest for the
                  | Orb.
     0 | D:1      | Reached XP level 1. HP: 19/19 MP: 0/0
   330 | D:1      | Reached skill level 4 in Axes
   330 | D:1      | Reached XP level 2. HP: 20/27 MP: 1/1
  1028 | D:2      | Reached ** piety under Trog
  1028 | D:2      | Reached XP level 3. HP: 28/33 MP: 2/2
  1250 | D:2      | Reached XP level 4. HP: 34/41 MP: 3/3
  1538 | D:3      | Reached skill level 5 in Axes
  1841 | D:3      | Reached XP level 5. HP: 44/47 MP: 4/4
  1975 | D:3      | Found a blossoming altar of Fedhas.
  1975 | D:3      | Found a white marble altar of Elyvilon.
  2241 | D:4      | Noticed an ogre
  2254 | D:4      | HP: 2/47 [poisoned by a worker ant]
  2254 | D:4      | Demolished by an ogre

Skill      XL: |  1  2  3  4 |
---------------+-------------+-----
Axes           | 4 5 |  5.6
Fighting       | 4 |  4.7
Armour         | 3 |  3.6
Dodging        | 3 |  3.0
Stealth        | |  0.1

Action                   |  1- 3 |  4- 6 || total
-------------------------+-------+-------++-------
Melee: Hand axe          |    85 |    78 ||   163
       Headbutt          |    14 |     9 ||    23
  Use: Scroll            |     4 |     3 ||     7
  Eat: Ration            |     1 |       ||     1
Armor: Leather armour    |     4 |       ||     4
       Animal skin       |     1 |       ||     1
       Plate armour      |    56 |    59 ||   115
       Scale mail        |     6 |       ||     6
       Ring mail         |     1 |       ||     1
Dodge: Dodged            |    46 |    29 ||    75
